 Dungeon Crawl Stone Soup version 0.17-a0-2058-g8b0eb12 (webtiles) character file.

4589 Banto the Covert (level 10, -23/57 HPs)
             Began as a Halfling Artificer on Oct 12, 2015.
             Was an Initiate of Gozag.
             Hit by a large rock thrown by a cyclops (38 damage)
             ... on level 9 of the Dungeon.
             The game lasted 00:21:09 (9220 turns).

Banto the Covert (Halfling Artificer)               Turns: 9220, Time: 00:21:09

Health: -23/57     AC:  9    Str: 11    XL:     10   Next: 68%
Magic:  12/12      EV: 17    Int: 11    God:    Gozag
Gold:   900        SH:  0    Dex: 22    Spells: 0 memorised, 9 levels left

rFire  . . .     SeeInvis .     a - +0 short sword (elec)
rCold  . . .     Clarity  .     g - +4 ring mail of the Cooper {Dex+3}
rNeg   . . .     SustAt   .     (shield restricted)
rPois  +         Gourm    .     o - +0 helmet
rElec  .         Spirit   .     (no cloak)
rCorr  .         Warding  .     z - +0 pair of gloves
rMut   +         Stasis   .     p - +0 pair of boots
MR     .....                    v - amulet of resist mutation
Stlth  ++++++....               y - ring of poison resistance
                                s - ring of invisibility

@: not resistant to hostile enchantments, very stealthy
A: deformed body, mutation resistance 1
a: Potion Petition, Call Merchant, Bribe Branch, Renounce Religion, Evoke
Invisibility


You were on level 9 of the Dungeon.
You worshipped Gozag.
Gozag was noncommittal.
You were full.

You visited 2 branches of the dungeon, and saw 10 of its levels.

You collected 1034 gold pieces.
You spent 60 gold pieces at shops.
You paid 74 gold pieces to Gozag.

Inventory:

Hand Weapons
 a - a +0 short sword of electrocution (weapon)
 b - a +2 hunting sling of freezing
Missiles
 q - 76 sling bullets
Armour
 g - the +4 ring mail of the Cooper (worn) {Dex+3}
   (You found it on level 4 of the Dungeon)

   It affects your dexterity (+3).
 o - a +0 helmet (worn)
 p - a +0 pair of boots (worn)
 z - a +0 pair of gloves (worn)
Jewellery
 c - an uncursed ring of see invisible
 j - an uncursed ring of fire
 s - a ring of invisibility (left hand)
 v - an amulet of resist mutation (around neck)
 y - a ring of poison resistance (right hand)
Wands
 d - a wand of enslavement (19)
 n - a wand of draining (11)
 w - a wand of fireball (3)
Scrolls
 e - a scroll of amnesia
 i - 9 scrolls of remove curse
 u - 4 scrolls of teleportation
 x - a scroll of fog
 C - 2 scrolls of blinking
 D - 2 scrolls of enchant weapon
Potions
 h - 3 potions of curing
 k - 4 potions of haste
 l - 2 potions of resistance
 r - 2 potions of cancellation
 A - a potion of poison {unknown}
 B - 3 potions of might {unknown}
Comestibles
 f - 3 bread rations
 m - 8 meat rations
 t - 6 fruits
 E - 2 beef jerkies


   Skills:
 - Level 0.8 Fighting
 + Level 11.5 Short Blades
 - Level 5.9 Dodging
 + Level 12.5 Stealth
 - Level 3.0 Evocations


You had 9 spell levels left.
You didn't know any spells.

Dungeon Overview and Level Annotations

Branches:
Dungeon (9/15)             Temple (1/1) D:6
   Lair: D:8-11         Orc: D:9-12

Altars:
Ashenzari
Dithmenos
Fedhas
Gozag
Kikubaaqudgha
Nemelex Xobeh
Okawaru
Qazlal
Ru
Trog
Vehumet
Xom

Shops:
D:4 ?


Innate Abilities, Weirdness & Mutations

You are small and have problems with some larger weapons.
You are somewhat resistant to further mutation.
Armour fits poorly on your strangely shaped body.


Message History

m - 8 meat rations (gained 1)
Found a flail.
You now have 900 gold pieces (gained 17).
A cyclops comes into view.
Found a slice of pizza.
A cyclops is nearby!
Found 29 arrows.
The cyclops throws a large rock.
The large rock barely misses you.
The cyclops throws a large rock.
The large rock hits you!!!
Ouch! That really hurt!
* * * LOW HITPOINT WARNING * * *
You see here a large rock.
Use which ability?
You fail to use your ability.
Use which ability?
You fail to use your ability.
The cyclops throws a large rock.
The large rock hits you!!!
Ouch! That really hurt!
You die...
Your body crumbles into a pile of gold.

.....###.#...............#####...
.....###.........................
.....##........##........#.......
.........#......#................
.######..#.......................
.......................####.##...
...#####.......###...### #.##...
##..####..##########.### ..###..
###.............@.(....# ..## ##.
# ########...C............# #. #
................## #. #
#...............# .. .
#......%.....).## .. .
#.........#....# #.........#..#.#
.........##.(#.#


You could see a cyclops.

Vanquished Creatures
  Prince Ribbit (D:6)
  A two-headed ogre (D:8)
  A wyvern (D:9)
  2 water moccasins (D:8)
  Edmund (D:6)
  An orc warrior (D:7)
  A phantom (D:6)
  2 black bears
  The ghost of alpinistek the Magician, an amateur DsIE (D:4)
  4 centaurs
  5 ogres
  A crocodile (D:9)
  6 giant frogs
  A gnoll sergeant (D:9)
  2 scorpions
  5 jellies
  10 killer bees (D:9)
  A quasit (D:7)
  2 giant frog zombies (D:7)
  A crimson imp (D:6)
  4 giant frog skeletons
  6 orc wizards
  3 orc priests
  Ijyb (D:2)
  4 hounds
  A gnoll shaman (D:3)
  6 worker ants
  3 iguanas
  2 hound skeletons (D:4)
  11 gnolls
  A worker ant zombie (D:8)
  Robin (D:2)
  8 adders
  2 shadow imps (D:6)
  2 adder zombies
  An ooze (D:5)
  2 adder skeletons
  A worm (D:4)
  6 giant geckos
  18 orcs
  9 bats
  8 giant cockroaches
  15 goblins
  13 hobgoblins
  10 jackals
  7 kobolds
  4 quokkas
  3 ball pythons
  A ball python skeleton (D:4)
  2 giant gecko skeletons
  A giant gecko zombie (D:5)
  A giant newt (D:5)
  A jackal skeleton (D:5)
  A jackal zombie (D:7)
  10 rats
218 creatures vanquished.

Vanquished Creatures (collateral kills)
  An orc (D:7)
1 creature vanquished.

Vanquished Creatures (others)
  A jelly (D:7)
  2 orcs (D:7)
3 creatures vanquished.

Grand Total: 222 creatures vanquished

Notes
Turn   | Place    | Note
--------------------------------------------------------------
     0 | D:1      | Banto the Halfling Artificer began the quest for the Orb.
     0 | D:1      | Reached XP level 1. HP: 12/12 MP: 3/3
    98 | D:1      | Reached XP level 2. HP: 13/18 MP: 4/4
   447 | D:1      | Reached XP level 3. HP: 13/22 MP: 5/5
  1288 | D:2      | Noticed Robin
  1297 | D:2      | Reached XP level 4. HP: 27/27 MP: 6/6
  1344 | D:2      | Killed Robin
  1530 | D:2      | Noticed Ijyb
  1555 | D:2      | Killed Ijyb
  1802 | D:2      | Reached skill level 4 in Short Blades
  1802 | D:2      | Reached XP level 5. HP: 26/32 MP: 7/7
  2580 | D:3      | Reached skill level 5 in Short Blades
  2580 | D:3      | Reached XP level 6. HP: 21/37 MP: 8/8
  3236 | D:4      | Reached skill level 5 in Stealth
  3490 | D:4      | Got a bloodstained ring mail
  3505 | D:4      | Identified the +4 ring mail of the Cooper {Dex+3} (You found it on level 4 of the Dungeon)
  3577 | D:4      | Noticed alpinistek's ghost (amateur DsIE)
  3985 | D:4      | Reached skill level 6 in Short Blades
  4072 | D:4      | Reached XP level 7. HP: 42/42 MP: 9/9
  4363 | D:4      | Killed alpinistek's ghost
  4363 | D:4      | Reached skill level 7 in Short Blades
  4434 | D:4      | Found Hiorus's Magic Scroll Boutique.
  4440 | D:4      | Bought a scroll of teleportation for 36 gold pieces
  4440 | D:4      | Bought a scroll of fog for 24 gold pieces
  4557 | D:5      | Entered Level 5 of the Dungeon
  4867 | D:5      | Reached XP level 8. HP: 8/47 MP: 10/10
  4886 | D:5      | Reached skill level 8 in Short Blades
  5915 | D:6      | Noticed Edmund
  5915 | D:6      | Noticed Prince Ribbit
  5958 | D:6      | Killed Prince Ribbit
  5958 | D:6      | Reached skill level 9 in Short Blades
  5959 | D:6      | Killed Edmund
  6118 | D:6      | Reached XP level 9. HP: 42/52 MP: 11/11
  6396 | D:6      | Reached skill level 10 in Short Blades
  6474 | D:6      | Reached skill level 10 in Stealth
  6856 | D:6      | Found a staircase to the Ecumenical Temple.
  7158 | D:6      | Found a shimmering altar of Xom.
  7182 | Temple   | Entered the Ecumenical Temple
  7275 | Temple   | Became a worshipper of Gozag Ym Sagoz the Greedy
  7722 | D:7      | Found a blossoming altar of Fedhas.
  7910 | D:7      | Reached skill level 5 in Dodging
  7921 | D:7      | Reached skill level 11 in Stealth
  7993 | D:7      | Reached XP level 10. HP: 30/57 MP: 12/12
  8524 | D:8      | Found a sacrificial altar of Ru.
  8736 | D:8      | Reached skill level 12 in Stealth
  8805 | D:8      | Found a shadowy altar of Dithmenos.
  9073 | D:9      | Gained mutation: Armour fits poorly on your strangely shaped body. [potion of mutation]
  9214 | D:9      | Noticed a cyclops
  9220 | D:9      | Hit by a large rock thrown by a cyclops

Vault maps used:
D:1:      lightli_arrival_farm, kennysheep_decorative_pillar
D:2:      uniq_iyjb, uniq_robin
D:3:      first_bread
D:4:      serial_shops, shop_statue
D:6:      kennysheep_little_box, temple_pool_a, uniq_edmund, uniq_prince_ribbit1
D:7:      basic_altar
D:8:      kennysheep_big_flooded_room, lemuel_crystal_altar,
          nicolae_ru_great_annihilating_truth
D:9:      orc_0_dummy, minmay_ruffians
Temple:   lightli_temple_of_artemis

Action                   |  1- 3 |  4- 6 |  7- 9 | 10-12 || total
-------------------------+-------+-------+-------+-------++-------
Melee: Short sword       |   130 |   226 |   549 |   129 ||  1034
 Fire: Hunting sling     |       |    12 |    14 |     9 ||    35
Invok: Potion Petition   |       |       |     1 |       ||     1
 Abil: Evoke Invisibilit |       |     1 |     4 |     1 ||     6
Evoke: Wand              |     5 |     7 |    29 |       ||    41
  Use: Scroll            |       |     8 |     5 |     5 ||    18
       Potion            |       |     2 |     1 |     1 ||     4
 Stab: Sleeping          |     5 |    13 |    12 |    12 ||    42
       Distracted        |     1 |     1 |       |     1 ||     3
       Invisible         |       |     5 |    12 |     9 ||    26
  Eat: Chunk             |     1 |     9 |    12 |       ||    22
       Pizza             |       |       |     1 |     1 ||     2
       Fruit             |       |       |       |     7 ||     7
       Beef jerky        |       |       |       |     2 ||     2
